AoeStats
← VS

Scandinavia

510310040Analyzed
1v1 RM · 20h ago on Sep 30, 2026· 21m 50s· 2 players
Game mode
Random Map
Map size
Tiny (2 player)
Population
200
Speed
Normal
Resources
Standard
Victory
Conquest
Starting age
Dark Age
Ending age
Imperial Age
RankedLock teamsTeams togetherTeam positionsShared explorationLock speedFull tech treeHidden civsTurbo modeCheats
Victory
Defeat
🇬🇪 Franks · Georgia
900
+16
🇩🇪 Bohemians · Germany
908
-16
VS
4:36 Loom
10:24 Feudal Age
11:58 Wheelbarrow
15:52 Castle Age
David Ygra
3:26 Loom
13:12 Feudal Age
14:20 Double-Bit Axe
14:21 Horse Collar
14:16 Man-at-Arms
14:45 Arson
16:29 Wheelbarrow
18:00 Scale Mail Armor
18:12 Forging
21:16 Castle Age
Connection lost

Rejoining the realm…

Still unreachable

The connection could not be restored.

Session expired

The server has moved on; the page needs a fresh start.